 Dungeon Crawl Stone Soup version 0.20-a0-454-g2b43fbb (webtiles) character file.

79 HarleyQuinn the Changer (level 4, 0/28 HPs)
             Began as an Octopode Transmuter on Jan 8, 2017.
             Succumbed to an adder's poison
             ... on level 2 of the Dungeon.
             The game lasted 00:02:54 (2367 turns).

HarleyQuinn the Changer (Octopode Transmuter)       Turns: 2367, Time: 00:02:55

Health: 0/28       AC:  1    Str:  9    XL:     4   Next: 37%
Magic:  3/7        EV: 13    Int: 16    God:
Gold:   63         SH:  0    Dex: 12    Spells: 3/7 levels left

rFire  . . .     SeeInvis .       - Unarmed
rCold  . . .     Gourm    .     (no shield)
rNeg   . . .     Faith    .     (helmet restricted)
rPois  .         Spirit   .     (no amulet)
rElec  .         Reflect  .     i - ring of protection from magic
rCorr  .         Harm     .     (no ring)
MR     +....                    (no ring)
Stlth  ++........               (no ring)
                                (no ring)
                                (no ring)
                                (no ring)
                                (no ring)

@: lethally poisoned (0 -> -12), appendage, flying
A: almost no armour, stealthy swim, amphibious, 8 rings, constrict 8, tentacle
spike 3, camouflage 1, gelatinous body 1
a: End Transformation


You were on level 2 of the Dungeon.
You were not hungry.
One of your tentacles had a temporary spike.
You visited 1 branch of the dungeon, and saw 2 of its levels.

You collected 63 gold pieces.

Inventory:

Missiles
 a - 25 arrows
Jewellery
 i - a ring of protection from magic (left tentacle)
Scrolls
 d - 2 scrolls of identify {unknown}
 g - a scroll of recharging {unknown}
Books
 b - a book of Changes

   Spells                             Type                      Level
   a - Beastly Appendage              Transmutation                1
   b - Sticks to Snakes               Transmutation                2
   c - Spider Form                    Transmutation/Poison         3
   d - Ice Form                       Ice/Transmutation            4
   e - Blade Hands                    Transmutation                5
Comestibles
 c - 2 bread rations
 f - a slice of pizza


   Skills:
 - Level 1.0 Fighting
 - Level 2.0 Dodging
 - Level 3.0 Unarmed Combat
 - Level 2.0 Spellcasting
 + Level 4.0 Transmutations
 - Level 2.0 Poison Magic


You had 3 spell levels left.
You knew the following spells:

 Your Spells              Type           Power        Failure   Level  Hunger
a - Beastly Appendage     Tmut           ##....       4%          1    #......
b - Spider Form           Tmut/Pois      ##........   17%         3    ###....


Dungeon Overview and Level Annotations

Branches:
Dungeon (2/15)

Altars:
Dithmenos


Innate Abilities, Weirdness & Mutations

You cannot wear most types of armour.
You are very stealthy in the water. (Stealth+)
You are amphibious.
You can wear up to eight rings at the same time.
You can use your tentacles to constrict eight enemies at once.
Your skin changes colour to match your surroundings (Stealth+).
Your rubbery body absorbs attacks. (AC +1, EV +1)
One of your tentacles bears a large vicious spike.


Message History

* * * LOW HITPOINT WARNING * * *
You feel sick. The adder closely misses you.
Casting: Spider Form
Confirm with . or Enter, or press ? or * to list all spells.
Your transformation has ended.
One of your tentacles grows a vicious spike.
* * * LOW HITPOINT WARNING * * *
You feel sick. The adder bites you.
* * * LOW HITPOINT WARNING * * *
It was a potion of flight.
You feel very buoyant.
You fly up into the air.
* * * LOW HITPOINT WARNING * * *
You feel sick. The adder bites you but does no damage.
You aren't carrying any potions.
Unknown command.
You barely miss the adder. Your grab misses the adder.
Your tentacle spike misses the adder.
The adder is moderately wounded.
You die...

+......).....#
#.......
#......#####.#
#.......
#......#
#.######
#.......
###....#
#......#
####....
#....#
#......# ##...
######
#.....[# #...
###.....$###
########.
#...........
.........
#...@....###
########.
#...S.#### #.
#..?..# #####
#...... #....
#....... #..
####..... #<.
#...... #..
######## +..
#..


You could see an adder.

Vanquished Creatures
  An adder (D:2)
  3 oozes (D:1)
  A worm (D:2)
  3 dart slugs
  A leopard gecko (D:1)
  10 bats
  3 giant cockroaches (D:1)
  A goblin (D:1)
  6 hobgoblins
  3 jackals (D:1)
  2 quokkas (D:2)
  2 frilled lizards
  8 kobolds
  4 rats
48 creatures vanquished.

Notes
Turn   | Place    | Note
-------+----------+-------------------------------------------
     0 | D:1      | HarleyQuinn the Octopode Transmuter began the quest for the Orb.
     0 | D:1      | Reached XP level 1. HP: 13/13 MP: 3/3
   110 | D:1      | Reached XP level 2. HP: 15/18 MP: 5/5
   435 | D:1      | Reached skill level 3 in Transmutations
   900 | D:1      | Reached XP level 3. HP: 23/23 MP: 6/6
  1215 | D:1      | Learned a level 3 spell: Spider Form
  1634 | D:1      | Reached skill level 4 in Transmutations
  1930 | D:2      | Reached skill level 1 in Poison Magic
  1930 | D:2      | Reached XP level 4. HP: 26/28 MP: 3/7
  2001 | D:2      | Found a shadowy altar of Dithmenos.
  2366 | D:2      | HP: 1/28 [poisoned by an adder]
  2367 | D:2      | Succumbed to an adder's poison

Vault maps used:
D:1:      tarquinn_simple_flora_water_a, minmay_pentomino_x2
D:2:      amethyst_overflow_temple_binary, grunt_dithmenos_smoke,
          kennysheep_generic_room_4

Skill      XL: |  1  2  3  4 |
---------------+-------------+-----
Transmutations | 3 4 |  4.0
Poison Magic   | 1 2 |  2.0
Fighting       | |  1.0
Dodging        | |  2.0
Unarmed Combat | |  3.0
Spellcasting   | |  2.0

Action                   |  1- 3 |  4- 6 || total
-------------------------+-------+-------++-------
Melee: Unarmed           |    84 |    32 ||   116
       Tentacles         |    17 |       ||    17
       Constrict         |    21 |       ||    21
       Kick              |     6 |       ||     6
       Punch             |     1 |       ||     1
 Cast: Beastly Appendage |     5 |     1 ||     6
       Spider Form       |     2 |     4 ||     6
  Use: Potion            |       |     1 ||     1
 Stab: Sleeping          |     7 |       ||     7
       Distracted        |     1 |       ||     1
  Eat: Chunk             |     3 |     2 ||     5
Armor: Skin              |    12 |     2 ||    14
Dodge: Dodged            |    43 |    26 ||    69
